 Dungeon Crawl Stone Soup version 0.28-b1-25-g9875b3fc8c (webtiles) character file.

Game seed: 8230069078499236227

301 sanka the Magician (level 6, -2/33 HPs)
             Began as a Deep Elf Transmuter on Feb 7, 2022.
             Succumbed to a gnoll's poison
             ... on level 3 of the Dungeon.
             The game lasted 00:07:39 (5708 turns).

sanka the Magician (Deep Elf Transmuter)            Turns: 5708, Time: 00:07:40

Health: -2/33      AC:  2    Str:  7    XL:     6   Next: 14%
Magic:  13/16      EV: 20    Int: 20    God:
Gold:   93         SH:  0    Dex: 20    Spells: 10/16 levels left

rFire   . . .      SeeInvis .     - Unarmed
rCold   . . .      Faith    .   (shield currently unavailable)
rNeg    . . .      Spirit   .   (armour currently unavailable)
rPois   x          Reflect  .   (helmet currently unavailable)
rElec   .          Harm     .   (cloak currently unavailable)
rCorr   .          Rampage  .   (gloves currently unavailable)
Will    .....                   (boots currently unavailable)
Stlth   ++........              (no amulet)
HPRegen 0.11/turn               (no ring)
MPRegen 0.15/turn               (no ring)

@: lethally poisoned (-2 -> -16), spider-form (expiring), wereblooded, hasted,
very quick
A: venomous fangs, tiny
a: End Transformation


You were on level 3 of the Dungeon.
You were a venomous arachnid creature.
You visited 1 branch of the dungeon, and saw 3 of its levels.
You also visited: Sewer.

You collected 93 gold pieces.

Inventory:

Armour
 a - a +0 robe (melded)
 f - a +0 cloak (melded)
 h - the +1 helmet of Divine Intervention (melded) {Will+}
   (You took it off Robin on level 2 of the Dungeon)

   Will:      It increases your willpower.
Wands
 q - a wand of iceblast (5)
Scrolls
 b - 2 scrolls of magic mapping {unknown}
 c - a scroll of vulnerability {unknown}
 d - a scroll of torment {unknown}
 e - 4 scrolls of identify {unknown}
 g - a scroll of noise {unknown}
 o - a scroll of blinking {unknown}
Potions
 i - a potion of magic {unknown}
 k - a potion of cancellation {unknown}
 l - a potion of haste
 m - a potion of mutation {unknown}
 n - a potion of invisibility {unknown}
 p - a potion of might {unknown}
 r - a potion of curing {unknown}


   Skills:
 - Level 0.7 Fighting
 - Level 2.4 Dodging
 - Level 2.4 Unarmed Combat
 + Level 5.8 Spellcasting
 - Level 4.0 Transmutations
 - Level 4.0 Poison Magic


You had 10 spell levels left.
You knew the following spells:

 Your Spells              Type           Power      Damage    Failure   Level
a - Beastly Appendage     Tmut           42%        N/A       8%          1
b - Wereblood             Tmut           21%        N/A       11%         2
c - Spider Form           Tmut/Pois      21%        N/A       17%         3

Your spell library contained the following spells:

 Spells                   Type           Power      Damage    Failure   Level
 Ice Form                 Ice/Tmut       13%        N/A       65%         4
 Alistair's Intoxication  Tmut/Pois      14%        N/A       71%         5
 Borgnjor's Vile Clutch   Necr/Erth      2%         N/A       99%         5
 Eringya's Noxious Bog    Tmut/Pois      10%        N/A       99%         6


Dungeon Overview and Level Annotations

Branches:
Dungeon (3/15)              Sewer (visited)

Altars:


Message History

The gnoll closely misses you.
The gnoll hits you from afar with a +2 spear of venom.
* * * LOW HITPOINT WARNING * * *
You hit the gnoll.
The gnoll looks as sick as possible!
The gnoll is severely wounded.
* * * LOW HITPOINT WARNING * * *
You feel very sick. The gnoll misses you. The gnoll closely misses you.
Unknown command.
You hit the gnoll.
The gnoll is almost dead.
* * * LOW HITPOINT WARNING * * *
You feel very sick.
You feel a bit better.
You kill the gnoll!
The gnoll hits you from afar with a +2 spear of venom.
* * * LOW HITPOINT WARNING * * *
You are more poisoned.
You feel much better.
You feel extremely sick.
The gnoll throws a throwing net.
The throwing net misses you.
Unknown command.
You feel very sick. The gnoll misses you.
Things that are here:
a +0 flail; a +0 flail; a gnoll corpse You hit the gnoll.
The gnoll is poisoned.
The gnoll is moderately wounded.
You hiss as the wereblood boils in your veins!
Your transformation is almost over.
You feel very sick.
The gnoll hits you with a +2 spear of venom.
* * * LOW HITPOINT WARNING * * *
You hit the gnoll.
The gnoll is severely wounded.
* * * LOW HITPOINT WARNING * * *
You feel very sick.
Unknown command.
It was a potion of haste.
You feel yourself speed up.
You die...

#.##.##.##...#....##
######.##.##....#####..#≈
#.................####.#≈
######.######..........#≈
#..(.....##..#....#≈
###.......#..#.#..#≈
#.##.........#..##
#.##.#............
#s##.#..#..#......
#g..########...### #.###
#...# #.# #...#
##.#.########...#
#...........#...#
#.#..########...# #....#
#...# #..#.# #...#


You could see a gnoll (very poisoned).

Vanquished Creatures
  A kobold brigand (Sewer)
  Robin (D:2)
  5 gnolls (D:3)
  5 adders
  2 river rats (D:3)
  An adder skeleton (D:2)
  A dart slug (D:2)
  12 ball pythons
  4 endoplasms
  3 giant cockroaches
  10 goblins
  6 hobgoblins
  8 jackals
  25 kobolds
  A quokka (D:3)
  7 bats
  2 frilled lizards (D:2)
  11 rats
105 creatures vanquished.

Notes
Turn   | Place    | Note
-------+----------+-------------------------------------------
     0 | D:1      | sanka the Deep Elf Transmuter began the quest for the Orb.
     0 | D:1      | Reached XP level 1. HP: 11/11 MP: 6/6
   753 | D:1      | Reached XP level 2. HP: 15/16 MP: 8/8
   756 | D:1      | Reached skill level 1 in Poison Magic
  1805 | D:1      | Found a faded altar of an unknown god.
  2305 | D:2      | Reached XP level 3. HP: 20/20 MP: 8/10
  2542 | D:1      | Learned a level 2 spell: Wereblood
  2546 | D:1      | Learned a level 3 spell: Spider Form
  2650 | D:2      | Reached skill level 4 in Spellcasting
  3265 | D:2      | Identified the +1 helmet of Divine Intervention {Will+}
  3265 | D:2      | Noticed Robin
  3272 | D:2      | Reached XP level 4. HP: 23/24 MP: 3/12
  3286 | D:2      | Killed Robin
  3931 | D:3      | Found a glowing drain.
  3941 | D:3      | Reached XP level 5. HP: 28/28 MP: 9/14
  3954 | Sewer    | Entered a sewer
  4229 | Sewer    | Reached skill level 5 in Spellcasting
  4490 | Sewer    | HP: 1/28 [kobold/bolt (4)]
  5366 | D:3      | Reached XP level 6. HP: 20/33 MP: 13/16
  5703 | D:3      | HP: 1/33 [gnoll (3)]
  5708 | D:3      | Succumbed to a gnoll's poison

Illustrated notes

Levels and vault maps discovered:
D:1:      saegor_arrival_simple_b, layout_loops_ring,
          hellmonk_ecumenical_altar_arch_garden
D:2:      layout_loops_ring, minivault_26, uniq_robin
D:3:      layout_basic, serial_co_window_serial, co_window_of_opportunity_a,
          co_window_paths_b, co_window_of_opportunity_a, co_window_paths_a,
          co_window_corner_a, co_window_broadway_a, co_window_corner_b,
          co_window_unsneaky_path_c, co_window_2corner, co_window_paths_c,
          co_window_broadway_c, glass_columns_b, portal_sewer_entry_c

Skill      XL: |  1  2  3  4  5  6 |
---------------+-------------------+-----
Poison Magic   | 1 2 3 4 |  4.0
Transmutations | 3 4 |  4.0
Spellcasting   | 4 5 |  5.8
Fighting       | |  0.7
Dodging        | |  2.4
Unarmed Combat | |  2.4

Action                   |  1- 3 |  4- 6 || total
-------------------------+-------+-------++-------
Melee: Unarmed           |   104 |   177 ||   281
       Kick              |    24 |    15 ||    39
       Headbutt          |     9 |     4 ||    13
       Punch             |     1 |       ||     1
 Cast: Beastly Appendage |    26 |    14 ||    40
       Spider Form       |     2 |     9 ||    11
       Wereblood         |     2 |     6 ||     8
  Use: Potion            |       |     4 ||     4
 Stab: Sleeping          |     3 |     2 ||     5
Armor: Robe              |    12 |    28 ||    40
       Skin              |     2 |     8 ||    10
Dodge: Dodged            |    64 |   162 ||   226
